 Dungeon Crawl Stone Soup version 0.32-a0-893-gf85d74f360 (webtiles) character file.

Game seed: 10644009338244208109

143458 Autsider the Earth Mage (level 17, -2/102 HPs)
             Began as a Gargoyle Earth Elementalist on Apr 3, 2024.
             Was an Initiate of Gozag.
             Slain by a snapping turtle (20 damage)
             ... on level 2 of the Shoals.
             The game lasted 02:04:54 (36928 turns).

Autsider the Earth Mage (GrEE)                     Turns: 36928, Time: 02:04:55

Health: -2/102     AC: 39    Str: 11    XL:     17   Next: 37%
Magic:  4/31       EV:  6    Int: 34    God:    Gozag
Gold:   4805       SH:  7    Dex: 10    Spells: 12/36 levels left

rFire   . . .        g - +4 trident (drain)
rCold   + + .        s - +2 buckler
rNeg    + . .        O - +2 chain mail {Will+}
rPois   ∞            j - +2 helmet {Int+3}
rElec   +            U - +1 cloak
rCorr   +            P - +0 pair of gloves
SInv    .            K - +2 pair of boots
Will    +++..        D - amulet of magic regeneration Stlth
                     B - +6 ring of intelligence
HPRegen 0.37/turn    F - ring "Fophutiz" {rPois rC++ Will+ rCorr}
MPRegen 0.62/turn

%: no passive effects
@: about to teleport, flying, studying Unarmed Combat
A: sickness immunity, AC +12, big wings, negative energy resistance 1,
electricity resistance, torment resistance 1, petrification resistance
a: Renounce Religion, Potion Petition, Call Merchant, Bribe Branch


You were on level 2 of the Shoals.
You worshipped Gozag.
Gozag was most pleased with you.
You visited 5 branches of the dungeon, and saw 25 of its levels.
You also visited: Ossuary.

You collected 10074 gold pieces.
You spent 3766 gold pieces at shops.
You paid 1503 gold pieces to Gozag.

Inventory:

Hand Weapons
 g - a +4 trident of draining (weapon)
 r - a -2 demon whip of venom
 S - a +4 flail of holy wrath
Missiles
 t - 9 atropa-tipped darts
 W - a throwing net
Armour
 a - the +2 pair of boots of the Vaults {rElec rF+ Int-2 Stlth+}
   (You bought it in a shop on level 2 of the Orcish Mines)

   Int-2:     It affects your intelligence (-2).
   rF+:       It protects you from fire.
   rElec:     It insulates you from electricity.
   Stlth+:    It makes you more stealthy.
 j - a +2 helmet of intelligence (worn)
 s - a +2 buckler (worn)
 K - a +2 pair of boots (worn)
 O - a +2 chain mail of willpower (worn)
 P - a +0 pair of gloves (worn)
 U - a +1 cloak (worn)
Magical Staves
 A - a staff of death
Jewellery
 u - a ring of magical power
 B - a +6 ring of intelligence (left hand)
 D - an amulet of magic regeneration (around neck)
 F - the ring "Fophutiz" (right hand) {rPois rC++ Will+ rCorr}
   (You bought it in a shop on level 7 of the Dungeon)

   [ring of willpower]

   rC++:      It greatly protects you from cold.
   rPois:     It protects you from poison.
   Will+:     It increases your willpower.
   rCorr:     It protects you from acid and corrosion.
 J - a +6 ring of strength
 L - a ring of magical power
 V - an amulet of reflection
 Y - a ring of fire
Wands
 c - a wand of roots (23)
 l - a wand of charming (15)
 n - a wand of quicksilver (8)
 G - a wand of mindburst (32)
 H - a wand of polymorph (9)
 M - a wand of digging (8)
Scrolls
 d - 3 scrolls of brand weapon
 e - 3 scrolls of fear
 h - 6 scrolls of teleportation {@r2}
 i - 3 scrolls of enchant armour
 m - 6 scrolls of vulnerability
 o - 3 scrolls of revelation
 p - a scroll of butterflies {unknown}
 w - 5 scrolls of amnesia
 y - 2 scrolls of identify {@r1}
 z - a scroll of fog
 E - 4 scrolls of poison
 Q - 2 scrolls of blinking
 Z - a scroll of silence
Potions
 b - 3 potions of magic
 f - 9 potions of curing {@q1}
 k - 2 potions of enlightenment
 q - 5 potions of brilliance
 v - 6 potions of resistance
 x - 3 potions of berserk rage
 I - 3 potions of haste
 N - 2 potions of invisibility
 T - a potion of lignification
Miscellaneous
 X - a box of beasts (inert)


   Skills:
 - Level 10.0 Fighting
 - Level 14.0 Armour
 - Level 4.0 Dodging
 - Level 2.1 Stealth
 - Level 8.0 Shields
 - Level 10.0 Spellcasting
 + Level 16.2 Conjurations
 + Level 2.1 Summonings
 - Level 4.0 Translocations
 + Level 20.1 Earth Magic
 - Level 4.0 Evocations


You had 12 spell levels left.
You knew the following spells:

 Your Spells              Type           Power      Damage    Failure   Level
a - Sandblast             Erth           100%       2d20      0%          1
b - Stone Arrow           Conj/Erth      100%       3d13      1%          3
c - Bombard               Conj/Erth      48%        9d8       3%          6
w - Iskenderun's Battles  Conj           91%        2d14      1%          5
z - Blink                 Tloc           88%        N/A       12%         2
A - Petrify               Alch/Erth      71%        N/A       7%          4
B - Passwall              Erth           100%       N/A       1%          3

Your spell library contained the following spells:

 Spells                   Type           Power      Damage    Failure   Level
 Sting                    Conj/Alch      100%       1d9       1%          1
 Momentum Strike          Conj/Tloc      100%       3d10      1%          2
 Brom's Barrelling Bould  Conj/Erth      96%        2d11      1%          4
 Lesser Beckoning         Tloc           88%        N/A       12%         2
 Orb of Destruction       Conj           45%        9d12      43%         7
 Call Canine Familiar     Summ           31%        N/A       47%         3
 Mercury Vapours          Alch/Air       34%        N/A       54%         2
 Sigil of Binding         Hex            17%        N/A       77%         3
 Dimensional Bullseye     Hex/Tloc       15%        N/A       88%         4
 Summon Blazeheart Golem  Fire/Summ      24%        N/A       95%         4
 Olgreb's Toxic Radiance  Alch           17%        N/A       99%         4
 Death Channel            Necr           8%         N/A       100%        6
 Sculpt Simulacrum        Ice/Alch       8%         N/A       100%        6
 Spellforged Servitor     Conj/Summ      34%        N/A       100%        7


Dungeon Overview and Level Annotations

Branches:
Dungeon (15/15)            Temple (1/1) D:4            Lair (5/5) D:9
 Shoals (2/4) Lair:2       Spider (0/4) Lair:3        Slime (0/5) Lair:4
    Orc (2/2) D:11            Elf (0/3) Orc:2        Vaults (0/5) D:13
 Depths (0/4) D:15        Ossuary (visited)

Altars:
Ashenzari
Cheibriados
Dithmenos
Elyvilon
Fedhas
Gozag
Hepliaklqana
Kikubaaqudgha
Makhleb
Nemelex Xobeh
Okawaru
Qazlal
Ru
Sif Muna
Trog
Uskayaw
Vehumet
Wu Jian
Xom
Yredelemnul
Zin
The Shining One
Beogh
Jiyva

Shops:
D:7 (=?[   D:15 *   Orc:2 [[(!=[

Portals:
Trove: D:11 (give +3 shadow dragon scales)

Annotations:
D:12 Frances; Lodul
Lair:1 exclusion: downstairs
Lair:4 exclusion: downstairs
Lair:5 3 runed translucent doors, Dirtsage's ghost, journeyman DsMo; Shym's ghost, journeyman TeSu; Twiddyhohoho's ghost, journeyman TrFi; inmateoo's ghost, journeyman CoGl; wilfster70's ghost, journeyman MDBe


Innate Abilities, Weirdness & Mutations

You are immune to sickness and miasma.
Your stone body is resilient. (AC +12)
You are immune to poison.
Your large and strong wings let you fly.
You resist negative energy. (rN+)
You are resistant to electric shocks. (rElec)
You are resistant to unholy torment.
You are immune to petrification.


Message History

You conjure a globe of magical energy.
You block the alligator snapping turtle's attack.
You block the snapping turtle's attack.
Casting: Iskenderun's Battlesphere (dangerous; 1% risk of failure)
Confirm with . or Enter, or press ? or * to list all spells.
Aiming: Stone Arrow (safe; 1% risk of failure)
Press: ? - help, Shift-Dir - straight line, f/p - snapping turtle
Aim: a snapping turtle (heavily wounded, 92% to hit)
The stone arrow hits the snapping turtle!
The snapping turtle is heavily wounded.
You feel ready to blink again.
Your battlesphere fires!
The barrage of energy hits the alligator snapping turtle!
The alligator snapping turtle is lightly wounded.
The alligator snapping turtle bites you!!
* * * LOW HITPOINT WARNING * * *
The snapping turtle closely misses you.
Casting: Stone Arrow (safe; 1% risk of failure)
Confirm with . or Enter, or press ? or * to list all spells.
You blink.
Casting: Blink (safe; 12% risk of failure)
Confirm with . or Enter, or press ? or * to list all spells.
You don't know that spell.
You feel better.
The alligator snapping turtle bites you from afar.
* * * LOW HITPOINT WARNING * * *
As you read the scroll of teleportation {@r2}, it crumbles to dust.
You feel strangely unstable.
You feel ready to blink again.
The alligator snapping turtle bites you from afar!
* * * LOW HITPOINT WARNING * * *
You feel much better.
The alligator snapping turtle bites you but does no damage.
You feel better. The snapping turtle barely misses you.
The alligator snapping turtle bites you from afar!!
* * * LOW HITPOINT WARNING * * *
You feel better.
The snapping turtle bites you from afar!!
You die...
Your body crumbles into a pile of gold.

≈~~....)...#.....~~~~
≈~~....##........~~~~
~~~~... #####....~~~~
~~~.... #.....~~~
~~~.... ####...~~~~
.~~..#. #......~~~~
....#### ##.....~~~.
...###.## ###....~..
#@.t.#######.~~...
##*......###.~~..#
##.t...≈~.......## .
#...$.~≈≈≈~.##.##
..####..#$$≈≈~.#####
........#.##..##
........####...##
..~.....###.###.#
~~~~~~~..#### ###


You could see an alligator snapping turtle, a snapping turtle and a friendly
battlesphere.

Vanquished Creatures
  Jorgrun (Shoals:1)
  Gastronok (D:8)
  A frost giant (D:15)
  Nessos (Lair:5)
  Josephine (D:11)
  2 merfolk impalers
  Erolcha (D:13)
  13 hydras
  2 ogre magi (D:15)
  6 boulder beetles
  6 centaur warriors
  2 merfolk avatars (Shoals:1)
  9 two-headed ogres
  4 tengu warriors
  4 orc high priests (Orc:2)
  Urug (D:13)
  7 death yaks
  A deep elf knight (D:13)
  6 skeletal warriors
  Amaemon (Lair:3)
  4 skysharks
  4 sea snakes
  An orb spider (Lair:3)
  An arcanist (D:15)
  5 harpies (Shoals:1)
  4 orc knights
  2 obsidian bats (Orc:2)
  30 ugly things
  4 orc sorcerers
  4 deep elf pyromancers (D:13)
  9 cyclopes
  6 fauns (Shoals:1)
  11 manticores
  7 black mambas
  An oklob plant (D:15)
  A salamander (shapeshifter) (D:13)
  2 water nymphs (Shoals:1)
  3 meliai (D:15)
  11 elephants
  A gargoyle (D:12)
  3 merfolk sirens
  A torpor snail (Lair:4)
  8 cane toads
  4 centaur skeletons (D:13)
  An orange demon (Lair:3)
  3 freezing wraiths
  3 yaktaurs (D:15)
  2 kobold demonologists (D:11)
  10 komodo dragons
  Jeremiah (D:7)
  An efreet (D:13)
  A troll (shapeshifter) (D:15)
  11 rime drakes
  3 red devils (D:10)
  A tengu conjurer (D:13)
  5 trolls
  8 merfolk
  5 polar bears
  20 blink frogs
  22 dream sheep
  6 hornets (Lair:5)
  A tarantella (shapeshifter) (D:8)
  4 snapping turtles
  3 water elementals (D:15)
  15 spriggans
  6 wyverns
  4 basilisks
  11 wraiths
  43 yaks
  Eustachio (D:4)
  Grum (D:8)
  3 wargs
  3 steam dragons
  11 vampire mosquitoes
  4 acid dragons
  17 water moccasins
  A black bear (shapeshifter) (D:14)
  2 ice beasts
  28 orc warriors
  A sky beast (D:7)
  11 black bears
  2 laughing skulls (D:14)
  7 ogres
  4 boggarts (Lair:5)
  26 wolves
  18 centaurs
  3 phantoms
  4 kobold brigands
  An elf zombie (Ossuary)
  17 bullfrogs
  3 wights (D:8)
  3 scorpions
  A hornet simulacrum (D:15)
  9 killer bees
  4 howler monkeys
  3 bombardier beetles
  3 centaur zombies (Ossuary)
  8 jellies
  2 human zombies (Ossuary)
  2 hounds (D:5)
  A gnoll bouda (D:7)
  36 orc priests
  6 iguanas
  27 orc wizards
  6 hound zombies (Ossuary)
  2 mummies (Ossuary)
  6 gnolls
  14 adders
  4 ufetubi
  3 adder zombies (Ossuary)
  5 dart slugs
  2 ribbon worms
  78 orcs
  5 endoplasms
  4 giant cockroaches
  8 hobgoblins
  26 kobolds
  A quokka (D:1)
  7 ball pythons
  12 bats
  3 frilled lizards
  5 gnoll zombies (Ossuary)
  6 goblins
  5 jackal zombies (Ossuary)
  4 kobold zombies (Ossuary)
  8 orc zombies (Ossuary)
  7 rats
881 creatures vanquished.

Vanquished Creatures (others)
  An ogre mage (D:14)
  2 orcs (D:12)
  5 tentacles (Shoals:2)
8 creatures vanquished.

Grand Total: 889 creatures vanquished

Notes
Turn   | Place    | Note
-------+----------+-------------------------------------------
     0 | D:1      | Autsider the Gargoyle Earth Elementalist began the quest
                  | for the Orb.
     0 | D:1      | Reached XP level 1. HP: 10/10 MP: 3/3
   236 | D:1      | Reached XP level 2. HP: 16/16 MP: 3/5
   267 | D:1      | Reached skill level 4 in Earth Magic
   852 | D:1      | Reached skill level 1 in Fighting
   948 | D:2      | Reached XP level 3. HP: 20/20 MP: 4/6
  1371 | D:2      | Reached XP level 4. HP: 25/25 MP: 4/7
  1751 | D:3      | Reached skill level 5 in Earth Magic
  2275 | D:4      | Found a staircase to the Ecumenical Temple.
  2297 | D:4      | Reached XP level 5. HP: 9/30 MP: 0/9
  2391 | D:4      | Noticed an ogre
  2397 | D:4      | Killed an ogre
  2405 | D:4      | Reached XP level 6. HP: 36/36 MP: 4/10
  2409 | Temple   | Entered the Ecumenical Temple
  2421 | Temple   | Became a worshipper of Gozag Ym Sagoz the Greedy
  2508 | D:4      | Found a broken altar of Ashenzari.
  2603 | D:4      | Reached skill level 6 in Earth Magic
  2791 | D:4      | Noticed a black bear
  2796 | D:4      | Learned a level 3 spell: Stone Arrow
  2806 | D:4      | Killed a black bear
  2931 | D:4      | You fall into a shaft and drop 1 floor!
  2931 | D:5      | Entered Level 5 of the Dungeon
  3013 | D:4      | Noticed Eustachio
  3061 | D:4      | Reached XP level 7. HP: 41/41 MP: 3/12
  3104 | D:4      | Killed Eustachio
  3105 | D:4      | Reached skill level 7 in Earth Magic
  3804 | D:5      | Reached XP level 8. HP: 48/48 MP: 12/14
  3896 | D:5      | Found an ornate altar of the Wu Jian Council.
  4076 | D:5      | Reached skill level 8 in Earth Magic
  4319 | D:5      | Found a shadowy altar of Dithmenos.
  4324 | D:5      | Found a glowing golden altar of the Shining One.
  4625 | D:5      | Reached skill level 5 in Fighting
  5019 | D:6      | Found a sacrificial altar of Ru.
  5065 | D:6      | Found a snail-covered altar of Cheibriados.
  5107 | D:6      | Reached skill level 5 in Spellcasting
  5567 | D:7      | Found a sand-covered staircase.
  5587 | Ossuary  | Entered an ossuary
  5765 | Ossuary  | Reached XP level 9. HP: 55/55 MP: 15/18
  5904 | Ossuary  | Reached skill level 1 in Evocations
  6273 | D:7      | Found Diumen's Jewellery Boutique.
  6275 | D:7      | Bought a +6 ring of intelligence for 504 gold pieces
  6333 | D:7      | Found Rykiowad's Weapon Shop.
  6374 | D:7      | Found Ummihog's Magic Scroll Shoppe.
  6386 | D:7      | Bought a scroll of teleportation for 33 gold pieces
  6386 | D:7      | Bought a scroll of identify for 22 gold pieces
  6386 | D:7      | Bought a scroll of teleportation for 33 gold pieces
  6386 | D:7      | Bought a scroll of brand weapon for 104 gold pieces
  6386 | D:7      | Bought a scroll of identify for 22 gold pieces
  6386 | D:7      | Bought a scroll of identify for 22 gold pieces
  6422 | D:7      | Noticed Jeremiah
  6446 | D:7      | Killed Jeremiah
  6619 | D:7      | Found Xorchiry's Antique Armour Shoppe.
  6934 | D:7      | Reached skill level 9 in Earth Magic
  7284 | D:7      | Reached XP level 10. HP: 58/63 MP: 12/19
  7643 | D:8      | Learned a level 4 spell: Petrify
  7647 | D:8      | Learned a level 3 spell: Passwall
  7699 | D:8      | Noticed a boulder beetle
  7784 | D:9      | Reached skill level 10 in Earth Magic
  7985 | D:9      | Reached skill level 1 in Armour
  8106 | D:9      | Noticed an elephant
  8374 | D:8      | Killed a boulder beetle
  8375 | D:8      | Reached skill level 5 in Conjurations
  8584 | D:8      | Noticed Gastronok
  8605 | D:8      | Killed Gastronok
  8691 | D:8      | Noticed Grum
  8705 | D:8      | Killed Grum
  8936 | D:8      | Reached skill level 5 in Armour
  8936 | D:8      | Reached XP level 11. HP: 60/68 MP: 15/22
  9385 | D:8      | Reached skill level 1 in Shields
 10155 | D:9      | Found a staircase to the Lair.
 10246 | D:9      | Found a shimmering blue altar of Sif Muna.
 10662 | D:7      | Bought a glowing chain mail for 217 gold pieces
 10724 | Lair:1   | Entered Level 1 of the Lair of Beasts
 10724 | Lair:1   | Noticed a boulder beetle
 10776 | Lair:1   | Killed a boulder beetle
 10898 | Lair:1   | Reached skill level 11 in Earth Magic
 11942 | Lair:2   | Noticed an eight-headed hydra
 11944 | Lair:2   | Reached XP level 12. HP: 62/75 MP: 21/24
 11960 | Lair:2   | Killed an eight-headed hydra
 12050 | Lair:2   | Found a staircase to the Shoals.
 12078 | Lair:2   | Noticed a four-headed hydra
 12085 | Lair:2   | Killed a four-headed hydra
 12167 | Lair:2   | Reached skill level 12 in Earth Magic
 12169 | Lair:2   | Identified the +4 hand axe "Autsider's Peril" {drain, Will+
                  | Str+3 Int-3}
 12403 | Lair:2   | Noticed a six-headed hydra
 12656 | Lair:2   | Killed a six-headed hydra
 12757 | Lair:2   | Noticed a five-headed hydra
 12760 | Lair:2   | Killed a five-headed hydra
 13075 | Lair:2   | Noticed a five-headed hydra
 13079 | Lair:2   | Killed a five-headed hydra
 13080 | Lair:2   | Reached skill level 10 in Fighting
 13146 | Lair:2   | Noticed a six-headed hydra
 13151 | Lair:2   | Killed a six-headed hydra
 13247 | Lair:2   | Noticed a skyshark
 13253 | Lair:2   | Killed a skyshark
 13254 | Lair:2   | Reached skill level 13 in Earth Magic
 13984 | Lair:3   | Reached XP level 13. HP: 73/82 MP: 19/25
 14187 | Lair:3   | Reached skill level 10 in Armour
 14253 | Lair:3   | Noticed Amaemon
 14276 | Lair:3   | Killed Amaemon
 14708 | Lair:3   | Reached skill level 14 in Earth Magic
 14799 | Lair:3   | HP: 1/82 [six-headed hydra (11)]
 14813 | Lair:3   | HP: 3/82 [blink frog (9)]
 15109 | Lair:3   | Reached skill level 10 in Conjurations
 15448 | Lair:3   | Found a hole to the Spider Nest.
 16293 | Lair:4   | Found a staircase to the Slime Pits.
 16321 | Lair:4   | Found a viscous altar of Jiyva.
 16338 | Lair:4   | Found a bloodstained altar of Trog.
 16782 | Lair:4   | Reached skill level 1 in Translocations
 17171 | Lair:5   | Entered Level 5 of the Lair of Beasts
 17365 | Lair:5   | Gained mutation: Your large and strong wings let you fly.
                  | [Gargoyle growth]
 17365 | Lair:5   | Reached XP level 14. HP: 79/88 MP: 17/27
 17450 | Lair:5   | Reached skill level 5 in Shields
 17886 | Lair:4   | Learned a level 5 spell: Iskenderun's Battlesphere
 17889 | Lair:4   | Learned a level 2 spell: Blink
 17897 | Lair:4   | Learned a level 6 spell: Bombard
 18151 | Lair:5   | Noticed Nessos
 19290 | Lair:5   | Killed Nessos
 19291 | Lair:5   | Reached skill level 15 in Earth Magic
 19461 | Lair:5   | Found a runed translucent gate.
 19462 | Lair:5   | Found a runed translucent gate.
 19463 | Lair:5   | Found a runed translucent gate.
 19464 | Lair:5   | Noticed Dirtsage's ghost (journeyman DsMo)
 19464 | Lair:5   | Noticed Twiddyhohoho's ghost (journeyman TrFi)
 19464 | Lair:5   | Noticed wilfster70's ghost (journeyman MDBe)
 19464 | Lair:5   | Noticed inmateoo's ghost (journeyman CoGl)
 19464 | Lair:5   | Noticed Shym's ghost (journeyman TeSu)
 21336 | D:10     | Entered Level 10 of the Dungeon
 22056 | D:10     | Reached XP level 15. HP: 79/92 MP: 17/28
 22468 | D:7      | Bought the ring "Fophutiz" {rPois rC++ Will+ rCorr} for 830
                  | gold pieces
 22468 | D:7      | Bought an amulet of reflection for 420 gold pieces
 22489 | D:7      | Bought a scroll of fear for 44 gold pieces
 22567 | D:7      | Bought a throwing net for 42 gold pieces
 22682 | D:11     | Noticed Josephine
 22692 | D:10     | Reached skill level 10 in Spellcasting
 22772 | D:11     | Killed Josephine
 22786 | D:11     | Reached skill level 16 in Earth Magic
 23598 | D:11     | Found a roughly hewn altar of Beogh.
 23598 | D:11     | Found a staircase to the Orcish Mines.
 23987 | D:11     | Found a portal to a secret trove of treasure.
 24567 | D:12     | Noticed Lodul
 24569 | D:12     | Noticed Frances
 25253 | D:13     | Noticed Urug
 25264 | D:13     | Killed Urug
 25589 | D:13     | Reached skill level 17 in Earth Magic
 25858 | D:13     | Identified the +1 scimitar of the Bedazzled God {speed, rF-
                  | Str+5}
 25996 | D:13     | Identified the +0 leather armour of Ashenzari, Leaping
                  | {rElec rCorr Int+3}
 26011 | D:13     | Noticed Erolcha
 26017 | D:13     | Killed Erolcha
 26452 | D:13     | Found a gate to the Vaults.
 27603 | D:14     | Reached skill level 18 in Earth Magic
 27748 | D:15     | Entered Level 15 of the Dungeon
 27827 | D:14     | Reached XP level 16. HP: 81/97 MP: 3/30
 29247 | D:15     | Found a staircase to the Depths.
 30652 | D:15     | Found Ontam's General Store.
 30664 | D:15     | Reached skill level 19 in Earth Magic
 30674 | D:15     | Bought a scroll of blinking for 127 gold pieces
 31084 | D:15     | Found a shimmering altar of Xom.
 31783 | Orc:1    | Entered Level 1 of the Orcish Mines
 32161 | Orc:1    | You are sucked into a shaft and drop 1 floor!
 32161 | Orc:2    | Entered Level 2 of the Orcish Mines
 33494 | Orc:2    | Found a staircase to the Elven Halls.
 34205 | Orc:2    | Found Wasuenn's Jewellery Boutique.
 34205 | Orc:2    | Found Iggatat's Antique Armour Boutique.
 34206 | Orc:2    | Found Xoebboh's Distillery.
 34210 | Orc:2    | Found Nostem's Antique Weapon Shop.
 34220 | Orc:2    | Bought a potion of curing for 36 gold pieces
 34220 | Orc:2    | Bought a potion of curing for 36 gold pieces
 34220 | Orc:2    | Bought a potion of haste for 120 gold pieces
 34220 | Orc:2    | Bought a potion of curing for 36 gold pieces
 34220 | Orc:2    | Bought a potion of resistance for 120 gold pieces
 34220 | Orc:2    | Bought a potion of brilliance for 48 gold pieces
 34220 | Orc:2    | Bought a potion of brilliance for 48 gold pieces
 34223 | Orc:2    | Bought a pair of faintly glowing boots for 351 gold pieces
 34223 | Orc:2    | Identified the +2 pair of boots of the Vaults {rElec rF+
                  | Int-2 Stlth+} (You bought it in a shop on level 2 of the
                  | Orcish Mines)
 34234 | Orc:2    | Bought an amulet of magic regeneration for 390 gold pieces
 34793 | Orc:2    | Bought a +0 helmet of intelligence for 161 gold pieces
 34976 | Shoals:1 | Entered Level 1 of the Shoals
 35038 | Shoals:1 | Noticed Jorgrun
 35042 | Shoals:1 | Killed Jorgrun
 35048 | Shoals:1 | Reached skill level 20 in Earth Magic
 35210 | Shoals:1 | Identified a scroll of acquirement
 35236 | Lair:2   | Acquired 772 gold pieces
 35393 | Shoals:1 | Reached XP level 17. HP: 102/102 MP: 25/31
 35414 | Shoals:1 | Reached skill level 15 in Conjurations
 36223 | Shoals:1 | Reached skill level 1 in Summonings
 36875 | Shoals:2 | Noticed a kraken
 36925 | Shoals:2 | HP: 3/102 [alligator snapping turtle (16)]
 36928 | Shoals:2 | Slain by a snapping turtle

Illustrated notes

Levels and vault maps discovered:
D:1:      dpeg_arrival_oval, layout_loops_ring, minmay_split_cup_small
D:2:      layout_rooms
D:3:      layout_basic, minmay_cupped
D:4:      layout_rooms, old_standard_altar, minmay_temple_entry_large_hall,
          nicolae_half_adder, uniq_eustachio
D:5:      black_bear_nest_1, layout_rooms, nzn_wu_jian_council_hall,
          mainiacjoe_overflow_big_doors, serial_co_window_serial,
          co_window_of_opportunity_a, co_window_cross_1,
          co_window_of_opportunity_a, co_window_paths_a, co_window_paths_a,
          co_window_2corner, co_window_of_opportunity_b, co_window_paths_c,
          co_window_2corner, co_window_4corner_a
D:6:      layout_loops_ring, old_standard_altar, nicolae_ru_awakened_eye
D:7:      layout_basic, enter_ossuary_2, serial_shops,
          nicolae_shop_gaudy_bauble, shop, nicolae_shop_pleasant_corner_grove,
          nicolae_shop_trees, kennysheep_opposing_triangles, uniq_jeremiah
D:8:      layout_basic, minmay_manual_moon, uniq_gastronok, uniq_grum
D:9:      layout_gridville, nicolae_sif_muna_condensation, david_lair_generic,
          minmay_misc_feat_nine_boxes, minmay_misc_feat_doors
D:10:     layout_basic, einodemon_armed_red_devil_minivault
D:11:     layout_rooms, david_orc_5, enter_trove_3, minivault_16, uniq_josephine
D:12:     layout_roguey, hangedman_stone_soup, uniq_frances, uniq_lodul
D:13:     layout_basic, hangedman_vaults_entry_quadrant_bands, uniq_erolcha,
          uniq_urug
D:14:     layout_cross, bh_walls_and_bars
D:15:     grunt_enter_depths_snipers, layout_irregular_city, xom_teletrap_fun,
          serial_shops, nicolae_inconvenience_store, dk_noncrumbling_4,
          st_stairs_10, dpeg_stationary_puzzle
Temple:   nicolae_temple_bog_church
Lair:1:   layout_gridlike
Lair:2:   layout_roguey, minmay_shoals_entry_centaurs, minmay_shattered_shrine,
          grunt_megastairs_4
Lair:3:   layout_cave_pods, nicolae_spider_entry_orb_guardian,
          grunt_forest_large_clearing_hut, serial_bayou_shore_a, uniq_amaemon
Lair:4:   layout_concentric_octagons, nicolae_slime_entry_field_trip,
          basic_altar, minmay_lair_drake_nest, grunt_megastairs_1
Lair:5:   minmay_lair_end_enchanted_forest, layout_cave_pods,
          gammafunk_ghost_cemetery, roderic_batcave, uniq_nessos
Shoals:1: layout_shoals, nicolae_tricolors, uniq_jorgrun
Shoals:2: layout_shoals
Orc:1:    layout_caves
Orc:2:    st_orc_mages, layout_diamond_mine, nicolae_volcano_entry_lava_flow,
          mines2_lemuel

Skill      XL: |  1  2  3  4  5  6  7  8  9 10 11 12 13 14 15 16 17 |
---------------+----------------------------------------------------+-----
Earth Magic    | 4 5 6 7 8 9 10 11 13 14 15 18 20 | 20.1
Fighting       | 1 2 3 4 6 7 8 10 | 10.0
Spellcasting   | 3 4 6 7 8 9 10 | 10.0
Conjurations   | 2 3 4 6 7 8 11 12 13 14 16 | 16.2
Dodging        | 3 4 |  4.0
Evocations     | 3 4 |  4.0
Armour         | 5 7 9 11 12 13 14 | 14.0
Shields        | 4 6 8 |  8.0
Translocations | 1 4 |  4.0
Summonings     | 2 |  2.1
Stealth        | |  2.1

Action                     |  1- 3 |  4- 6 |  7- 9 | 10-12 | 13-15 | 16-18 || total
---------------------------+-------+-------+-------+-------+-------+-------++-------
  Melee: Unarmed           |    16 |       |       |       |       |       ||    16
         Club              |       |    17 |       |       |       |       ||    17
         Flail             |       |       |     3 |       |       |       ||     3
         Trident           |       |       |     4 |    18 |   280 |    20 ||   322
   Cast: Sandblast         |    49 |    66 |   201 |   282 |   806 |   493 ||  1897
         Stone Arrow       |       |     5 |     7 |    59 |   215 |    93 ||   379
         Petrify           |       |       |       |     1 |       |       ||     1
         Iskenderun's Batt |       |       |       |       |    14 |    61 ||    75
         Bombard           |       |       |       |       |     2 |    25 ||    27
         Blink             |       |       |       |       |       |     6 ||     6
 Invoke: Potion Petition   |       |       |       |       |     1 |       ||     1
         Call Merchant     |       |       |       |       |       |     2 ||     2
  Evoke: Box of beasts     |       |       |       |       |       |     1 ||     1
    Use: Scroll            |       |       |    16 |     6 |     6 |    11 ||    39
         Potion            |       |       |     1 |     1 |     8 |     8 ||    18
   Stab: Distracted        |       |       |       |       |     2 |       ||     2
 Armour: Robe              |    13 |    51 |    88 |    55 |       |       ||   207
         Chain mail        |       |       |       |   213 |  1305 |   680 ||  2198
         Leather armour    |       |       |       |    10 |       |       ||    10
  Dodge: Dodged            |    26 |    39 |    81 |   120 |   370 |   186 ||   822
  Block: Buckler           |       |       |       |       |   566 |   340 ||   906
         Reflection        |       |       |       |       |    26 |    23 ||    49

Table legend: (Time is in decaauts)
 A = Elapsed time spent in this place.
 B = Non-inter-level travel time spent in this place.
 C = Inter-level travel time spent in this place.
 D = Time resting spent in this place.
 E = Time spent auto-exploring this place.
 F = Levels seen in this place.
 G = Mean time per level.
                   A        B        C        D        E       F      G
               +--------+--------+--------+--------+--------+-----+--------+
         Total |  38043 |  36369 |   1674 |   5828 |  22660 |  26 | 1463.2 |
       Dungeon |  21283 |  20153 |   1130 |   2789 |  13392 |  15 | 1418.9 |
        Temple |     24 |      1 |     23 |      0 |      0 |   1 |   24.0 |
          Lair |  11043 |  10651 |    392 |   1764 |   6462 |   5 | 2208.6 |
        Shoals |   2007 |   1954 |     53 |    516 |    899 |   2 | 1003.5 |
  Orcish Mines |   3005 |   2931 |     74 |    758 |   1459 |   2 | 1502.5 |
       Ossuary |    679 |    679 |      0 |      0 |    447 |   1 |  679.0 |
               +--------+--------+--------+--------+--------+-----+--------+

Top non-repeatable levels by time:
  Lair:5: 3639 daAuts
    D:15: 2575 daAuts
  Lair:4: 2264 daAuts
    D:14: 2229 daAuts
    D:13: 2104 daAuts
  Lair:2: 2042 daAuts
   Orc:2: 1964 daAuts
     D:7: 1887 daAuts
     D:8: 1799 daAuts
  Lair:3: 1778 daAuts
Shoals:1: 1633 daAuts
    D:11: 1515 daAuts
    D:10: 1406 daAuts
  Lair:1: 1318 daAuts
     D:4: 1260 daAuts
